 Dungeon Crawl Stone Soup version 0.28-a0-655-g4eb62b627b (webtiles) character file.

Game seed: 14737247321203123791

7 jsc133 the Slasher (level 1, -5/20 HPs)
             Began as a Minotaur Berserker on Oct 12, 2021.
             Was a Follower of Trog.
             Slain by an orc (6 damage)
             ... on level 3 of the Dungeon.
             The game lasted 00:04:44 (211 turns).

jsc133 the Slasher (Minotaur Berserker)              Turns: 211, Time: 00:04:44

Health: -5/20      AC:  2    Str: 21    XL:     1   Next: 91%
Magic:  0/0        EV: 12    Int:  4    God:    Trog [*.....]
Gold:   32         SH:  0    Dex:  9    Spells: 0/0 levels left

rFire   . . .      SeeInvis .   a - +0 falchion
rCold   . . .      Faith    .   (no shield)
rNeg    . . .      Spirit   .   b - +0 animal skin
rPois   .          Reflect  .   (helmet restricted)
rElec   .          Harm     .   (no cloak)
rCorr   .          Rampage  .   (no gloves)
Will    .....                   (no boots)
Stlth   +.........              (no amulet)
HPRegen 0.06/turn               (no ring)
MPRegen 0.07/turn               (no ring)

@: confused
A: horns 2, retaliatory headbutt
a: Renounce Religion, Berserk


You were on level 3 of the Dungeon.
You worshipped Trog.
Trog was aware of your devotion.
You visited 1 branch of the dungeon, and saw 3 of its levels.

You collected 32 gold pieces.

Inventory:

Hand Weapons
 a - a +0 falchion (weapon)
Missiles
 g - 21 sling bullets
Armour
 b - a +0 animal skin (worn)
 f - a +0 robe
Scrolls
 e - a scroll of noise {unknown}
Potions
 c - a potion of lignification {unknown}
 d - a potion of curing {unknown}
 h - a potion of flight {unknown}


   Skills:
 + Level 3.9 Fighting
 + Level 3.9 Long Blades
 + Level 2.5 Armour
 + Level 2.3 Dodging


You couldn't memorise any spells.
You didn't know any spells.
Your spell library was empty.

Dungeon Overview and Level Annotations

Branches:
Dungeon (3/15)

Altars:

Shops:
D:2 !


Innate Abilities, Weirdness & Mutations

You have a pair of horns on your head.
You reflexively headbutt those who attack you in melee.


Message History

The orc shouts!
The orc hits you but does no damage.
You hit the orc.
The orc is heavily wounded.
The orc misses you. The orc barely misses you.
You barely miss the orc.
The orc is heavily wounded.
The orc hits you from afar with a +0 trident.
The orc wizard completely misses you. You furiously retaliate!
You headbutt the orc wizard. The orc barely misses you.
You hit the orc but do no damage.
The orc is heavily wounded.
The orc misses you. The orc wizard closely misses you.
The orc barely misses you. You furiously retaliate!
You headbutt the orc!
You kill the orc!
Trog accepts your kill.
The orc wizard hits you with a +0 dagger.
The orc hits you from afar with a +0 trident.
You miss the orc wizard. Your headbutt misses the orc wizard.
The orc wizard is moderately wounded.
The orc hits you from afar with a +0 trident.
The orc wizard gestures at you while chanting.
You resist with significant effort. The orc hits you with a +0 hand axe.
You slash the orc wizard!
The orc wizard is almost dead.
The orc barely misses you.
The orc wizard points at you and mumbles some strange words.
You are confused.
The orc hits you with a +0 hand axe.
* * * LOW HITPOINT WARNING * * *
The orc completely misses you.
The orc wizard gestures at you while chanting.
You are more confused.
The orc hits you with a +0 hand axe.
* * * LOW HITPOINT WARNING * * *
The orc barely misses you. The orc wizard closely misses you.
The orc closely misses you.
You bump into the rock wall.
The orc hits you from afar with a +0 trident.
You die...

#.....##.....#
#.....##.....#
#.....##.....#
#........#####
#........#
#........#
#........#
#####....#
#..o@# #...o#
#..o.#
........#
..........#
..........#
..........#
..........#
..........#


You could see an orc wizard and 2 orcs.

Vanquished Creatures
  An orc (D:3)
  A bat (D:2)
  A giant cockroach (D:3)
  2 jackals (D:3)
5 creatures vanquished.

Notes
Turn   | Place    | Note
-------+----------+-------------------------------------------
     0 | D:1      | jsc133 the Minotaur Berserker began the quest for the Orb.
     0 | D:1      | Reached XP level 1. HP: 19/19 MP: 0/0
    31 | D:2      | Found Aduoppac's Distillery.
   200 | D:3      | Noticed an orc wizard
   209 | D:3      | HP: 1/20 [orc (1)]
   211 | D:3      | Slain by an orc

Illustrated notes

Levels and vault maps discovered:
D:1:      dpeg_arrival_fog, layout_rooms,
          dreamdust_ecumenical_altar_drowned_temple
D:2:      layout_loops_ring, serial_shops, shop
D:3:      layout_basic, lemuel_tele_altar

Action                   || total
-------------------------++-------
Melee: Falchion          ||    12
  Use: Scroll            ||     1
Armor: Animal skin       ||    10
Dodge: Dodged            ||    18

Table legend: (Time is in decaauts)
 A = Elapsed time spent in this place.
 B = Non-inter-level travel time spent in this place.
 C = Inter-level travel time spent in this place.
 D = Time resting spent in this place.
 E = Time spent auto-exploring this place.
 F = Levels seen in this place.
 G = Mean time per level.
                   A        B        C        D        E       F      G
               +--------+--------+--------+--------+--------+-----+--------+
         Total |    211 |    211 |      0 |      0 |      0 |   3 |   70.3 |
       Dungeon |    211 |    211 |      0 |      0 |      0 |   3 |   70.3 |
               +--------+--------+--------+--------+--------+-----+--------+

Top non-repeatable levels by time:
     D:2: 111 daAuts
     D:3: 84 daAuts
     D:1: 15 daAuts
